 Dungeon Crawl Stone Soup version 0.25.1-2-g60ff931df9 (webtiles) character file.

Game seed: 15195963683673442147

172 Merh the Ruffian (level 5, 36/52 HPs)
             Began as a Troll Berserker on Oct 29, 2020.
             Was a Priest of Trog.
             Starved to death
             ... on level 4 of the Dungeon.
             The game lasted 00:26:55 (2735 turns).

Merh the Ruffian (Troll Berserker)                  Turns: 2735, Time: 00:26:56

Health: 36/52      AC:  6    Str: 25    XL:     5   Next: 27%
Magic:  4/4        EV:  6    Int:  3    God:    Trog [***...]
Gold:   121        SH: 13    Dex: 10    Spells: 4/4 levels left

rFire    . . .     SeeInvis .   o - +0 short sword
rCold    . . .     Gourm    +   u - +0 tower shield
rNeg     . . .     Faith    .   a - +0 animal skin
rPois    .         Spirit   .   (helmet restricted)
rElec    .         Reflect  .   (no cloak)
rCorr    .         Harm     .   (gloves unavailable)
MR       .....                  (boots unavailable)
Stlth    +.........             (no amulet)
HPRegen  0.57/turn              k - ring of flight
MPRegen  0.09/turn              (no ring)

@: mildly poisoned (36 -> 36), fainting
A: large, unfitting armour, claws 3, fast metabolism 3, gourmand, regeneration
1, shaggy fur 1, tough skin 3
a: Berserk, Trog's Hand, Renounce Religion, Evoke Flight


You were on level 4 of the Dungeon.
You worshipped Trog.
Trog was most pleased with you.
You were fainting.

You visited 1 branch of the dungeon, and saw 4 of its levels.

You collected 121 gold pieces.

Inventory:

Hand Weapons
 f - a +0 club
 j - a +0 club
 o - a +0 short sword (weapon)
 H - a +0 rapier
Missiles
 r - 29 bolts
 x - 17 arrows
 B - 70 stones (quivered)
Armour
 a - a +0 animal skin (worn)
 g - a +0 ring mail
 h - a +0 leather armour
 m - a +0 leather armour
 n - a +0 ring mail
 p - a +0 naga barding
 q - a +0 scale mail
 u - a +0 tower shield (worn)
 y - a cursed +0 helmet
 C - a +2 leather armour of cold resistance
 F - a scarf of repulsion
Jewellery
 k - a ring of flight (left claw)
 E - an uncursed amulet of guardian spirit {unknown}
Scrolls
 c - 2 scrolls of remove curse {unknown}
 i - a scroll of blinking {unknown}
 l - a scroll of magic mapping {unknown}
 s - a scroll of teleportation {unknown}
 t - a scroll of amnesia
 z - 3 scrolls of identify {unknown}
 I - a scroll of enchant armour {unknown}
Potions
 b - 2 potions of invisibility {unknown}
 d - a potion of stabbing {unknown}
 e - 4 potions of brilliance {unknown}
 v - 2 potions of haste {unknown}
 w - a potion of lignification {unknown}
 A - a potion of magic {unknown}
 D - 5 potions of curing {unknown}
 G - 3 potions of resistance {unknown}


   Skills:
 + Level 2.8 Fighting
 + Level 1.7 Short Blades
 + Level 0.5 Maces & Flails
 + Level 3.2 Dodging
 + Level 0.2 Stealth
 + Level 1.8 Shields
 + Level 3.3 Unarmed Combat


You had 4 spell levels left.
You didn't know any spells.
Your spell library was empty.

Dungeon Overview and Level Annotations

Branches:
Dungeon (4/15)
 Temple: D:4-7

Altars:
Vehumet

Portals:
Sewer: D:4


Innate Abilities, Weirdness & Mutations

You are too large for most types of armour.
You have claws for hands.
Your metabolism is lightning-fast.
You like to eat raw meat.
Your natural rate of healing is unusually fast.
You are covered in fur. (AC +1)
You have extremely tough skin. (AC +3)


Message History

The adder poisons you! You block the adder's attack.
You hit the adder.
The adder is almost dead.
You block the adder's attack.
You hit the adder but do no damage.
The adder is almost dead.
You feel sick. The adder bites you but does no damage. The adder bites you.
You hit the adder but do no damage.
The adder is almost dead.
You block the adder's attack.
You closely miss the adder.
The adder is almost dead.
You feel sick. You block the adder's attack.
You miss the adder.
The adder is severely wounded.
You feel sick. You block the adder's attack. The adder barely misses you.
You miss the adder.
The adder is severely wounded.
You have starved to death.
You die...

.........###.#..#........
.........##.....#........
..........#..............
..........#..............
#.......................
#.........#..#.........
..........#..#.....##
.....##.............##
..... ##........@S...#
..... ###................
..... #.............(..
..... ..................
..... ...................
.....
.....##.##..........
.....##.###......... #.
#.........


You could see an adder.

Vanquished Creatures
  A hound skeleton (D:4)
  A hound zombie (D:4)
  8 adders
  An ooze (D:3)
  A worm (D:2)
  A dart slug (D:1)
  4 leopard geckos
  An orc (D:3)
  5 giant cockroaches
  4 goblins
  4 hobgoblins
  2 jackals (D:2)
  7 kobolds
  3 quokkas (D:2)
  A ball python skeleton (D:4)
  8 bats
  5 frilled lizards
  10 rats
67 creatures vanquished.

Vanquished Creatures (others)
  A frilled lizard (D:3)
1 creature vanquished.

Grand Total: 68 creatures vanquished

Notes
Turn   | Place    | Note
-------+----------+-------------------------------------------
     0 | D:1      | Merh the Troll Berserker began the quest for the Orb.
     0 | D:1      | Reached XP level 1. HP: 22/22 MP: 0/0
   558 | D:1      | Reached XP level 2. HP: 29/29 MP: 1/1
   967 | D:1      | Paralysed by fainting for 10 turns
   990 | D:1      | Paralysed by fainting for 7 turns
  1318 | D:2      | Reached XP level 3. HP: 16/36 MP: 2/2
  1383 | D:2      | Reached ** piety under Trog
  1577 | D:2      | Reached skill level 1 in Shields
  1668 | D:2      | Reached XP level 4. HP: 44/44 MP: 3/3
  1815 | D:2      | Reached skill level 1 in Short Blades
  2257 | D:3      | Found a radiant altar of Vehumet.
  2544 | D:4      | Reached *** piety under Trog
  2580 | D:4      | Found a glowing drain.
  2604 | D:4      | Reached XP level 5. HP: 39/50 MP: 4/4
  2735 | D:4      | Starved to death

Illustrated notes

Levels and vault maps discovered:
D:1:      matt_arrival_refuge, layout_basic, grunt_decor_cap,
          serial_park_tiny_pond, corexii_hall_statues_s
D:2:      layout_rooms, first_ration, minmay_misc_feat_ornament,
          minmay_octomino_e4
D:3:      layout_basic, fiery_altar_vehumet, minmay_misc_feat_doors,
          minmay_rat_hole
D:4:      layout_cave_pools, serial_shops, nicolae_shop_trees,
          gup_sewer_entry_glass

Skill      XL: |  1  2  3  4 |
---------------+-------------+-----
Shields        | 1 |  1.8
Dodging        | 3 |  3.2
Short Blades   | 1 |  1.7
Fighting       | |  2.8
Maces & Flails | |  0.5
Stealth        | |  0.2
Unarmed Combat | |  3.3

Action                   |  1- 3 |  4- 6 || total
-------------------------+-------+-------++-------
Melee: Unarmed           |    23 |       ||    23
       Club              |    30 |       ||    30
       Short sword       |   123 |   166 ||   289
  Use: Scroll            |     1 |       ||     1
  Eat: Ration            |     4 |     2 ||     6
Armor: Animal skin       |    79 |    71 ||   150
Dodge: Dodged            |    63 |    33 ||    96
Block: Tower shield      |   116 |   146 ||   262
